| TOP OF THE 1ST |
|
Cleveland (APP) Indians batting - Pitching for Orem Owlz : LHP Paul Griffin
|
|
Pitching: LHP Paul Griffin
|
|
|
Batting: RHB John Clark
|
0-0: Called Strike 0-1: Ball 1-1: Foul Ball, location: 2F 1-2: Strikes out swinging
|
|
Batting: RHB Carlos Manriquez
|
0-0: Called Strike 0-1: Ball 1-1: Ball 2-1: Ground out U3 (Groundball, 34, EV 76.2 MPH)
|
|
Batting: RHB Juan Gallardo
|
0-0: Called Strike 0-1: Swinging Strike 0-2: Strikes out swinging
|
| Top of the 1st over - 0 runs, 0 hits, 0 errors, 0 left on base; Cleveland (APP) 0 - Orem 0 |
| BOTTOM OF THE 1ST |
|
Orem Owlz batting - Pitching for Cleveland (APP) Indians : RHP Jose Esteban
|
|
Pitching: RHP Jose Esteban
|
|
|
Batting: SHB Butch Brown
|
0-0: Ball 1-0: Ball 2-0: Ball 3-0: Base on Balls
|
|
Batting: LHB Justin Alexander
|
0-0: Called Strike 0-1: Called Strike 0-2: Foul Ball, location: 2F 0-2: Fielders Choice at 2nd, 5-4 (Groundball, 56, EV 87.5 MPH)
|
|
Batting: LHB Brett Bugge
|
0-0: Ball Wild Pitch! Justin Alexander to second 1-0: Swinging Strike 1-1: Foul Ball, location: 2F 1-2: Ball 2-2: Ball 3-2: Base on Balls
|
|
Batting: RHB Mike Alm
|
0-0: Ball 1-0: Ball Passed Ball! Justin Alexander to third Brett Bugge to second 2-0: Ball Passed Ball! Justin Alexander scores Brett Bugge to third 3-0: Base on Balls
|
|
Pitching: RHP Gilbert Paparelli
|
|
|
Batting: RHB Ryan Pelletier
|
0-0: Ball Mike Alm steals 2nd, throwing error, E2 Brett Bugge scores Mike Alm to third 1-0: Called Strike 1-1: Ball 2-1: Ball 3-1: Foul Ball, location: 2F 3-2: Base on Balls
|
|
Batting: RHB Danny Bjarnson
|
0-0: Ball 1-0: Ball 2-0: Foul Ball, location: 2F 2-1: Ball Passed Ball! Mike Alm scores Ryan Pelletier to second 3-1: Fly out, F9 (Flyball, 9D, EV 92.5 MPH) Runner from 2nd tags up, SAFE at 3rd, no throw by RF
|
|
Batting: RHB J.R. Roberts
|
0-0: Ball Passed Ball! Ryan Pelletier scores 1-0: Called Strike 1-1: Foul Ball, location: 2F 1-2: SINGLE (Line Drive, 5D, EV 105.0 MPH)
|
|
Batting: RHB Kinya Nishimura
|
0-0: Ball Passed Ball! J.R. Roberts to second 1-0: Called Strike 1-1: Ball Wild Pitch! J.R. Roberts to third 2-1: Ball 3-1: Base on Balls
|
|
Pitching: LHP Jordan Jimenez
|
|
|
Batting: RHB Jose Ramirez
|
0-0: Ball 1-0: Ground out 4-3 (Groundball, 4MS, EV 88.1 MPH)
|
| Bottom of the 1st over - 4 runs, 1 hit, 1 error, 2 left on base; Cleveland (APP) 0 - Orem 4 |
| TOP OF THE 2ND |
|
Cleveland (APP) Indians batting - Pitching for Orem Owlz : LHP Paul Griffin
|
|
Batting: RHB Luis Roman
|
0-0: Ball 1-0: Called Strike 1-1: Swinging Strike 1-2: Strikes out swinging
|
|
Batting: LHB Kenji Yokoyama
|
0-0: Ball 1-0: Swinging Strike 1-1: Fly out, F7 (Line Drive, 7, EV 86.9 MPH)
|
|
Batting: RHB Joe Shade
|
0-0: Ball 1-0: Ball 2-0: Foul Ball, location: 2F 2-1: Swinging Strike 2-2: Ball 3-2: Strikes out swinging
|
| Top of the 2nd over - 0 runs, 0 hits, 0 errors, 0 left on base; Cleveland (APP) 0 - Orem 4 |
| BOTTOM OF THE 2ND |
|
Orem Owlz batting - Pitching for Cleveland (APP) Indians : LHP Jordan Jimenez
|
|
Batting: SHB Butch Brown
|
0-0: Ball 1-0: Ball 2-0: Ball 3-0: Called Strike 3-1: Called Strike 3-2: Foul Ball, location: 2F 3-2: Foul Ball, location: 2F 3-2: SINGLE (Groundball, 6MD, EV 93.8 MPH)
|
|
Batting: LHB Justin Alexander
|
0-0: Called Strike 0-1: Ball Passed Ball! Butch Brown to second 1-1: Ball Wild Pitch! Butch Brown to third 2-1: Swinging Strike Passed Ball! Butch Brown scores 2-2: Foul Ball, location: 2F 2-2: Ball 3-2: Foul Ball, location: 2F 3-2: Foul Ball, location: 2F 3-2: Foul Ball, location: 2F 3-2: Base on Balls
|
|
Batting: LHB Brett Bugge
|
0-0: Swinging Strike 0-1: Fielders Choice at 2nd, 5-4 (Groundball, 56, EV 83.8 MPH)
|
|
Batting: RHB Mike Alm
|
0-0: Ball 1-0: Ball Passed Ball! Brett Bugge to second 2-0: Called Strike 2-1: Ball 3-1: Base on Balls
|
|
Batting: RHB Ryan Pelletier
|
0-0: Ball 1-0: Ball 2-0: SINGLE (Line Drive, 4D, EV 95.6 MPH) Brett Bugge to third Mike Alm to second
|
|
Batting: RHB Danny Bjarnson
|
0-0: SINGLE (Groundball, 34D, EV 93.8 MPH) Brett Bugge scores Mike Alm to third Ryan Pelletier to second
|
|
Batting: RHB J.R. Roberts
|
0-0: Called Strike 0-1: Foul Ball, location: 2F 0-2: Ball 1-2: SINGLE (Flyball, 8LM, EV 80.6 MPH) Mike Alm scores Ryan Pelletier to third Danny Bjarnson to second
|
|
Batting: RHB Kinya Nishimura
|
0-0: Called Strike 0-1: Called Strike 0-2: Foul Ball, location: 2F 0-2: Ball 1-2: Foul Ball, location: 2F 1-2: Reached on error, E6 (Groundball, 6, EV 83.1 MPH) Ryan Pelletier scores Danny Bjarnson to third J.R. Roberts to second
|
|
Batting: RHB Jose Ramirez
|
0-0: Ball 1-0: Ball Wild Pitch! Danny Bjarnson scores J.R. Roberts to third Kinya Nishimura to second 2-0: Foul Ball, location: 2F 2-1: Foul Ball, location: 2F 2-2: Foul Ball, location: 2F 2-2: Foul Ball, location: 2F 2-2: SINGLE (Groundball, 6MD, EV 105.6 MPH) J.R. Roberts scores Kinya Nishimura to third Runner from 3rd tries for Home, SAFE, throw by CF to home
|
|
Batting: SHB Butch Brown
|
0-0: Ball 1-0: Ball Wild Pitch! Jose Ramirez to second 2-0: Ball 3-0: Called Strike 3-1: Base on Balls
|
|
Batting: LHB Justin Alexander
|
0-0: Ball Passed Ball! Jose Ramirez to third Butch Brown to second 1-0: Ball 2-0: Ball 3-0: Base on Balls
|
|
Batting: LHB Brett Bugge
|
0-0: SINGLE (Line Drive, 5D, EV 99.4 MPH) Jose Ramirez scores Butch Brown to third Justin Alexander to second
|
|
Batting: RHB Mike Alm
|
0-0: Called Strike 0-1: Ball 1-1: Ball Passed Ball! Butch Brown scores Justin Alexander to third Brett Bugge to second 2-1: Foul Ball, location: 2F 2-2: Ball 3-2: Base on Balls
|
|
Batting: RHB Ryan Pelletier
|
0-0: Grounds into fielders choice 1-2 (Groundball, 15S, EV 72.5 MPH) Brett Bugge to third Mike Alm to second
|
|
Batting: RHB Danny Bjarnson
|
0-0: Ball Wild Pitch! Brett Bugge scores Mike Alm to third Ryan Pelletier to second 1-0: Ball Passed Ball! Mike Alm scores Ryan Pelletier to third 2-0: Called Strike 2-1: Ball 3-1: Base on Balls
|
|
Batting: RHB J.R. Roberts
|
0-0: DOUBLE (Line Drive, 89D, EV 105.0 MPH) Ryan Pelletier scores Danny Bjarnson to third Runner from 3rd tries for Home, SAFE, no throw by RF
|
|
Batting: RHB Kinya Nishimura
|
0-0: SINGLE (Line Drive, 56D, EV 105.6 MPH) J.R. Roberts to third Runner from 3rd tries for Home, throw by LF and OUT! 7-2
|
| Bottom of the 2nd over - 13 runs, 8 hits, 1 error, 1 left on base; Cleveland (APP) 0 - Orem 17 |
| TOP OF THE 3RD |
|
Cleveland (APP) Indians batting - Pitching for Orem Owlz : LHP Paul Griffin
|
|
Batting: LHB Heath Ryland
|
0-0: Called Strike 0-1: Foul Ball, location: 2F 0-2: Ball 1-2: Ball 2-2: Ball 3-2: Strikes out swinging
|
|
Batting: RHB Ken Shear
|
0-0: Ball 1-0: Ball 2-0: Foul Ball, location: 2F 2-1: Ball 3-1: Base on Balls
|
|
Batting: SHB Mike Shields
|
0-0: Sac Bunt to 23 - play at first, batter OUT! 3-4 Ken Shear to second
|
|
Batting: RHB John Clark
|
0-0: Called Strike 0-1: Ball 1-1: Ball 2-1: Swinging Strike 2-2: Strikes out swinging
|
| Top of the 3rd over - 0 runs, 0 hits, 0 errors, 1 left on base; Cleveland (APP) 0 - Orem 17 |
| BOTTOM OF THE 3RD |
|
Orem Owlz batting - Pitching for Cleveland (APP) Indians : LHP Jordan Jimenez
|
|
Batting: RHB Jose Ramirez
|
0-0: Ball 1-0: Ball 2-0: Called Strike 2-1: Ball 3-1: Called Strike 3-2: Foul Ball, location: 2F 3-2: Base on Balls
|
|
Batting: SHB Butch Brown
|
0-0: Foul Ball, location: 2F 0-1: 2-RUN HOME RUN (Flyball, 7D, EV 101.2 MPH), Distance : 381 ft
|
|
Batting: LHB Justin Alexander
|
0-0: Swinging Strike 0-1: DOUBLE (Line Drive, 9LS, EV 112.5 MPH)
|
|
Batting: LHB Brett Bugge
|
0-0: Foul Ball, location: 2F 0-1: SINGLE (Groundball, 34D, EV 104.4 MPH) Justin Alexander to third
|
|
Batting: RHB Mike Alm
|
0-0: Ball 1-0: SINGLE (Line Drive, 78S, EV 92.5 MPH) Justin Alexander scores Brett Bugge to second
|
|
Batting: RHB Ryan Pelletier
|
0-0: Ball Wild Pitch! Brett Bugge to third Mike Alm to second 1-0: Ball 2-0: Foul Ball, location: 2F 2-1: Ball 3-1: Base on Balls
|
|
Batting: RHB Danny Bjarnson
|
0-0: SINGLE (Line Drive, 8RS, EV 112.5 MPH) Brett Bugge scores Mike Alm to third Ryan Pelletier to second
|
|
Batting: RHB J.R. Roberts
|
0-0: Called Strike 0-1: Ball 1-1: Fly out, F8 (Flyball, 8LS, EV 75.6 MPH) Runner from 3rd tags up, SCORES, throw by CF
|
|
Batting: RHB Kinya Nishimura
|
0-0: DOUBLE (Flyball, 8RXD, EV 90.0 MPH) Ryan Pelletier scores Danny Bjarnson to third
|
|
Batting: RHB Jose Ramirez
|
0-0: Swinging Strike Passed Ball! Danny Bjarnson scores Kinya Nishimura to third 0-1: Ball Wild Pitch! Kinya Nishimura scores 1-1: Ball 2-1: Ball 3-1: Called Strike 3-2: Foul Ball, location: 3F, Error on foul ball, E3 3-2: Reached on error, E3 (Groundball, 34S, EV 84.4 MPH)
|
|
Batting: SHB Butch Brown
|
0-0: Ball Passed Ball! Jose Ramirez to second 1-0: Ball 2-0: Ball Passed Ball! Jose Ramirez to third 3-0: Base on Balls
|
|
Batting: LHB Justin Alexander
|
0-0: Ball 1-0: Ball Passed Ball! Jose Ramirez scores Butch Brown to second 2-0: Foul Ball, location: 2F 2-1: Called Strike 2-2: Ball 3-2: Foul Ball, location: 2F 3-2: Base on Balls
|
|
Batting: LHB Brett Bugge
|
0-0: Ball 1-0: Foul Ball, location: 2F 1-1: Fielders Choice at 2nd, 4-6 (Groundball, 4, EV 91.2 MPH) Butch Brown to third
|
|
Batting: RHB Mike Alm
|
0-0: Ground out 6-3 (Groundball, 4MS, EV 82.5 MPH)
|
| Bottom of the 3rd over - 9 runs, 6 hits, 2 errors, 2 left on base; Cleveland (APP) 0 - Orem 26 |
| TOP OF THE 4TH |
|
Cleveland (APP) Indians batting - Pitching for Orem Owlz : LHP Paul Griffin
|
|
Batting: RHB Carlos Manriquez
|
0-0: Called Strike 0-1: Ball 1-1: Foul Ball, location: 2F 1-2: Ball 2-2: SINGLE (Groundball, 34D, EV 78.1 MPH) (infield hit)
|
|
Batting: RHB Juan Gallardo
|
0-0: Ball 1-0: Grounds into double play, 5-4-3 (Groundball, 56, EV 90.0 MPH)
|
|
Batting: RHB Luis Roman
|
0-0: Ball 1-0: Swinging Strike 1-1: Ground out 4-3 (Groundball, 4S, EV 77.5 MPH)
|
| Top of the 4th over - 0 runs, 1 hit, 0 errors, 0 left on base; Cleveland (APP) 0 - Orem 26 |
| BOTTOM OF THE 4TH |
|
Orem Owlz batting - Pitching for Cleveland (APP) Indians : LHP Jordan Jimenez
|
|
Batting: RHB Ryan Pelletier
|
0-0: Reached on error, E6 (Groundball, 6, EV 85.0 MPH)
|
|
Batting: RHB Danny Bjarnson
|
0-0: Fielders Choice at 2nd, 1-6 (Groundball, 34S, EV 68.1 MPH)
|
|
Batting: RHB J.R. Roberts
|
0-0: Fielders Choice at 2nd, 6-4 (Groundball, 6, EV 79.4 MPH)
|
|
Batting: RHB Kinya Nishimura
|
0-0: Ball Passed Ball! J.R. Roberts to second 1-0: Swinging Strike 1-1: Foul Ball, location: 2F 1-2: Ball Passed Ball! J.R. Roberts to third 2-2: Ball 3-2: Base on Balls
|
|
Batting: RHB Jose Ramirez
|
0-0: Ball 1-0: Ball 2-0: Ball 3-0: Base on Balls Kinya Nishimura to second
|
|
Batting: SHB Butch Brown
|
0-0: Called Strike 0-1: Fielders Choice at 2nd, 5-4 (Groundball, 56, EV 106.9 MPH)
|
| Bottom of the 4th over - 0 runs, 0 hits, 1 error, 3 left on base; Cleveland (APP) 0 - Orem 26 |
| TOP OF THE 5TH |
|
Cleveland (APP) Indians batting - Pitching for Orem Owlz : LHP Paul Griffin
|
|
Batting: LHB Kenji Yokoyama
|
0-0: Called Strike 0-1: Called Strike 0-2: Ball 1-2: Ground out 5-3 (Groundball, 5, EV 83.8 MPH)
|
|
Batting: RHB Joe Shade
|
0-0: Ball 1-0: Foul Ball, location: 2F 1-1: Foul Ball, location: 2F 1-2: Ball 2-2: Fly out, F9 (Flyball, 9, EV 85.6 MPH)
|
|
Batting: LHB Heath Ryland
|
0-0: Called Strike 0-1: Swinging Strike 0-2: Strikes out swinging
|
| Top of the 5th over - 0 runs, 0 hits, 0 errors, 0 left on base; Cleveland (APP) 0 - Orem 26 |
| BOTTOM OF THE 5TH |
|
Orem Owlz batting - Pitching for Cleveland (APP) Indians : LHP Jordan Jimenez
|
|
Batting: LHB Justin Alexander
|
0-0: Ball 1-0: Fly out, F7 (Line Drive, 7, EV 92.5 MPH)
|
|
Batting: LHB Brett Bugge
|
0-0: Reached on error, E6 (Groundball, 6M, EV 96.2 MPH)
|
|
Batting: RHB Mike Alm
|
0-0: DOUBLE (Line Drive, 8LXD, EV 103.1 MPH) Brett Bugge to third
|
|
Batting: RHB Ryan Pelletier
|
0-0: Ball Wild Pitch! Brett Bugge scores Mike Alm to third 1-0: Reached on error, E5 (Groundball, 56S, EV 87.5 MPH) Mike Alm scores
|
|
Batting: RHB Danny Bjarnson
|
0-0: Grounds into double play, 6-4-3 (Groundball, 6, EV 106.9 MPH)
|
| Bottom of the 5th over - 2 runs, 1 hit, 2 errors, 0 left on base; Cleveland (APP) 0 - Orem 28 |
| TOP OF THE 6TH |
|
Cleveland (APP) Indians batting - Pitching for Orem Owlz : LHP Paul Griffin
|
|
Batting: RHB Ken Shear
|
0-0: Called Strike 0-1: Ball 1-1: Ball 2-1: Ball 3-1: Foul Ball, location: 2F 3-2: Strikes out swinging
|
|
Batting: SHB Mike Shields
|
0-0: Called Strike 0-1: Called Strike 0-2: Ground out 6-3 (Groundball, 6MS, EV 88.1 MPH)
|
|
Batting: RHB John Clark
|
0-0: Foul Ball, location: 2F 0-1: Called Strike 0-2: Foul Ball, location: 2F 0-2: Ball 1-2: Ball 2-2: Strikes out swinging
|
| Top of the 6th over - 0 runs, 0 hits, 0 errors, 0 left on base; Cleveland (APP) 0 - Orem 28 |
| BOTTOM OF THE 6TH |
|
Orem Owlz batting - Pitching for Cleveland (APP) Indians : LHP Jordan Jimenez
|
|
Batting: RHB J.R. Roberts
|
0-0: Called Strike 0-1: Ball 1-1: Fly out, F5 (Popup, 5S, EV 70.6 MPH)
|
|
Batting: RHB Kinya Nishimura
|
0-0: Called Strike 0-1: DOUBLE (Flyball, 8RXD, EV 109.4 MPH)
|
|
Batting: RHB Jose Ramirez
|
0-0: Called Strike 0-1: Ball 1-1: SINGLE (Groundball, 4MD, EV 100.6 MPH) Kinya Nishimura to third
|
|
Batting: SHB Butch Brown
|
0-0: DOUBLE (Line Drive, 89M, EV 96.2 MPH) Kinya Nishimura scores Jose Ramirez to third Runner from 3rd tries for Home, throw by RF and OUT! 9-4-2 Butch Brown to third
|
|
Batting: LHB Justin Alexander
|
0-0: Ball 1-0: Foul Ball, location: 2F 1-1: Ball 2-1: Foul Ball, location: 2F 2-2: Foul Ball, location: 2F 2-2: Strikes out looking
|
| Bottom of the 6th over - 1 run, 3 hits, 0 errors, 1 left on base; Cleveland (APP) 0 - Orem 29 |
| TOP OF THE 7TH |
|
Cleveland (APP) Indians batting - Pitching for Orem Owlz : LHP Paul Griffin
|
|
Batting: RHB Carlos Manriquez
|
0-0: Ball 1-0: Ball 2-0: Called Strike 2-1: Ball 3-1: Fly out, F8 (Flyball, 8RD, EV 81.2 MPH)
|
|
Batting: RHB Juan Gallardo
|
0-0: SINGLE (Groundball, 34D, EV 96.2 MPH)
|
|
Batting: RHB Luis Roman
|
0-0: Called Strike 0-1: Swinging Strike 0-2: Ball 1-2: Ball 2-2: Strikes out swinging
|
|
Batting: LHB Kenji Yokoyama
|
0-0: Called Strike 0-1: Ball 1-1: SINGLE (Groundball, 15S, EV 76.2 MPH) (infield hit) Juan Gallardo to second
|
|
Batting: RHB Joe Shade
|
0-0: Called Strike 0-1: Ball 1-1: Fly out, F3 (Popup, 3L, EV 56.2 MPH)
|
| Top of the 7th over - 0 runs, 2 hits, 0 errors, 2 left on base; Cleveland (APP) 0 - Orem 29 |
| BOTTOM OF THE 7TH |
|
Orem Owlz batting - Pitching for Cleveland (APP) Indians : LHP Jordan Jimenez
|
|
Batting: LHB Brett Bugge
|
0-0: Fly out, F9 (Flyball, 9LM, EV 102.5 MPH)
|
|
Batting: RHB Mike Alm
|
0-0: Foul Ball, location: 2F 0-1: Ball 1-1: Ball 2-1: Foul Ball, location: 2F 2-2: SINGLE (Groundball, 6MD, EV 109.4 MPH)
|
|
Batting: RHB Ryan Pelletier
|
0-0: Fly out, F7 (Line Drive, 7, EV 95.0 MPH)
|
|
Batting: RHB Danny Bjarnson
|
0-0: Ball Passed Ball! Mike Alm to second 1-0: Fly out, F4 (Popup, 4, EV 63.8 MPH)
|
| Bottom of the 7th over - 0 runs, 1 hit, 0 errors, 1 left on base; Cleveland (APP) 0 - Orem 29 |
| TOP OF THE 8TH |
|
Cleveland (APP) Indians batting - Pitching for Orem Owlz : LHP Paul Griffin
|
|
Batting: LHB Heath Ryland
|
0-0: Foul Ball, location: 2F 0-1: Called Strike 0-2: Ball 1-2: Strikes out swinging
|
|
Batting: RHB Ken Shear
|
0-0: Ball 1-0: Ball 2-0: Called Strike 2-1: Ground out 6-3 (Groundball, 6, EV 96.9 MPH)
|
|
Batting: SHB Mike Shields
|
0-0: Called Strike 0-1: Ball 1-1: Swinging Strike 1-2: Foul Ball, location: 2F 1-2: Ball 2-2: Ball 3-2: Foul Ball, location: 2F 3-2: Strikes out swinging
|
| Top of the 8th over - 0 runs, 0 hits, 0 errors, 0 left on base; Cleveland (APP) 0 - Orem 29 |
| BOTTOM OF THE 8TH |
|
Orem Owlz batting - Pitching for Cleveland (APP) Indians : LHP Jordan Jimenez
|
|
Batting: RHB J.R. Roberts
|
0-0: Ball 1-0: Ball 2-0: Ground out U3 (Groundball, 34, EV 78.8 MPH)
|
|
Batting: RHB Kinya Nishimura
|
0-0: Ground out U3 (Groundball, 13, EV 90.6 MPH)
|
|
Batting: RHB Jose Ramirez
|
0-0: Called Strike 0-1: Foul Ball, location: 2F 0-2: SINGLE (Groundball, 5S, EV 96.9 MPH)
|
|
Batting: SHB Butch Brown
|
0-0: Ground out U3 (Groundball, 3, EV 89.4 MPH)
|
| Bottom of the 8th over - 0 runs, 1 hit, 0 errors, 1 left on base; Cleveland (APP) 0 - Orem 29 |
| TOP OF THE 9TH |
|
Cleveland (APP) Indians batting - Pitching for Orem Owlz : LHP Paul Griffin
|
|
Pitching: RHP Owen Prouty
|
|
|
Batting: RHB John Clark
|
0-0: Ball 1-0: Called Strike 1-1: Foul Ball, location: 2F 1-2: Foul Ball, location: 2F 1-2: Foul Ball, location: 2F 1-2: Foul Ball, location: 2F 1-2: Strikes out swinging
|
|
Batting: RHB Carlos Manriquez
|
0-0: Foul Ball, location: 2F 0-1: Foul Ball, location: 2F 0-2: Ball 1-2: Strikes out swinging
|
|
Batting: RHB Juan Gallardo
|
0-0: Ball 1-0: Called Strike 1-1: Swinging Strike 1-2: Foul Ball, location: 2F 1-2: Strikes out swinging
|
| Top of the 9th over - 0 runs, 0 hits, 0 errors, 0 left on base; Cleveland (APP) 0 - Orem 29 |
|